 Dungeon Crawl Stone Soup version 0.30-a0-279-g4b46babb21 (webtiles) character file.

Game seed: 7217987573782917923

315 Morbidden the Cudgeller (level 6, -21/53 HPs)
             Began as a Minotaur Monk on Oct 16, 2022.
             Demolished by an ogre
             ... wielding a +0 giant club
              (22 damage)
             ... on level 4 of the Dungeon.
             The game lasted 00:03:05 (2066 turns).

Morbidden the Cudgeller (Minotaur Monk)             Turns: 2066, Time: 00:03:05

Health: -21/53     AC:  6    Str: 21    XL:     6   Next: 19%
Magic:  6/6        EV: 12    Int:  9    God:
Gold:   202        SH:  4    Dex: 13    Spells: 7/7 levels left

rFire   . . .      SeeInvis .    a - +0 mace
rCold   . . .      Faith    .    h - +0 buckler
rNeg    . . .      Spirit   .    j - +3 leather armour of Makhleb's Reproof {Str+6}
rPois   .          Reflect  .    (helmet restricted)
rElec   .          Harm     .    (no cloak)
rCorr   .          Rampage  .    (no gloves)
Will    .....                    (no boots)
Stlth   ++........               (no amulet)
HPRegen 0.28/turn                (no ring)
MPRegen 0.10/turn                (no ring)

@: no status effects
A: horns 2, retaliatory headbutt
a: no special abilities


You were on level 4 of the Dungeon.
You visited 1 branch of the dungeon, and saw 4 of its levels.

You collected 202 gold pieces.

Inventory:

Hand Weapons
 a - a +0 mace (weapon)
Missiles
 p - a poisoned dart (quivered)
Armour
 h - a +0 buckler (worn)
 j - the +3 leather armour of Makhleb's Reproof (worn) {Str+6}
   (You found it on level 2 of the Dungeon)

   Str:       It affects your strength (+6).
Scrolls
 e - a scroll of magic mapping {unknown}
 k - 3 scrolls of identify {unknown}
 l - 3 scrolls of enchant weapon {unknown}
 m - a scroll of noise {unknown}
 o - a scroll of amnesia {unknown}
 r - a scroll of brand weapon {unknown}
Potions
 b - 2 potions of cancellation
 c - a potion of ambrosia
 d - a potion of attraction {unknown}
 f - 2 potions of brilliance {unknown}
 g - a potion of lignification {unknown}
 i - 4 potions of curing {unknown}
 n - a potion of heal wounds {unknown}
 q - a potion of might {unknown}


   Skills:
 * Level 4.5 Fighting
 * Level 2.0(4.2) Axes
 * Level 5.9(6.1) Maces & Flails
 * Level 1.7 Armour
 * Level 4.1 Dodging
 + Level 1.7 Stealth
 * Level 1.3 Shields
 * Level 1.0 Spellcasting


You had 7 spell levels left.
You didn't know any spells.
Your spell library contained the following spells:

 Spells                   Type           Power      Damage    Failure   Level
 Apportation              Tloc           0%         N/A       50%         1
 Necrotise                Necr           0%         1d4       50%         1
 Summon Small Mammal      Summ           0%         N/A       50%         1


Dungeon Overview and Level Annotations

Branches:
Dungeon (4/15)
 Temple: D:4-7

Altars:

Shops:
D:2 :

Annotations:
D:3 Ijyb, Robin


Innate Abilities, Weirdness & Mutations

You have a pair of horns on your head.
You reflexively headbutt those who attack you in melee.


Message History

The quokka misses you. You furiously retaliate!
You headbutt the quokka!
You kill the quokka!
The orc hits you with a +0 hand axe.
Throw: 3 darts (poison)
Press: ? - help, Q - select action Shift-Dir - straight line, f - orc
Aim: an orc, wielding a +0 hand axe and wearing a +0 leather armour (59% to hit)
Okay, then.
You hit the orc. You headbutt the orc.
You kill the orc!
Unknown command.
Throw: 3 darts (poison)
Press: ? - help, Q - select action Shift-Dir - straight line, f - ogre
Aim: an ogre, wielding a +0 giant club (74% to hit)
You throw a poisoned dart. The poisoned dart hits the ogre.
The ogre is poisoned.
The ogre hits you with a +0 giant club!!
Ouch! That really hurt!
The orc barely misses you.
Throw: 2 darts (poison)
Press: ? - help, Q - select action Shift-Dir - straight line, f/p - ogre
Aim: an ogre, wielding a +0 giant club (lightly wounded, poisoned, 74% to hit)
You throw a poisoned dart. The poisoned dart hits the ogre.
The ogre looks even sicker.
The ogre is lightly wounded.
The orc misses you.
The ogre hits you with a +0 giant club!!
* * * LOW HITPOINT WARNING * * *
You thump the ogre!
You headbutt the ogre, but do no damage.
The ogre is heavily wounded.
The orc hits you from afar with a +0 trident.
* * * LOW HITPOINT WARNING * * *
Unknown command.
Okay, then.
You aren't carrying any items that you can evoke.
Unknown command.
Okay, then.
It was a potion of cancellation.
You feel magically purged.
The ogre hits you with a +0 giant club!!
You die...

#.##..##..##.####..#.#
#....#..#....# ##.#.#
#...#....#...# #.#.#
..#..##..#..## #.#.#
#...##...#..# ..#
#..........#.#
##.#...##....#
.###.###.#### .#
##@Ooo# ## #.###o# #.#
#.# #.# #.o.# #. #Oo~#
# #~.~o# #~.⌠~# #~.~o#
.~~~..


You could see an ogre (very poisoned) and 3 orcs.

Vanquished Creatures
  Sigmund (D:4)
  Jessica (D:2)
  Natasha (D:3)
  2 adders (D:4)
  3 dart slugs
  2 orcs (D:4)
  7 bats
  6 endoplasms
  A giant cockroach (D:1)
  7 hobgoblins
  10 jackals
  3 kobolds
  3 quokkas
  8 ball pythons
  A frilled lizard (D:1)
  8 goblins
  4 rats (D:1)
68 creatures vanquished.

Notes
Turn   | Place    | Note
-------+----------+-------------------------------------------
     0 | D:1      | Morbidden the Minotaur Monk began the quest for the Orb.
     0 | D:1      | Reached XP level 1. HP: 19/19 MP: 0/0
    96 | D:1      | Reached XP level 2. HP: 7/27 MP: 1/1
   337 | D:1      | Reached skill level 4 in Maces & Flails
   338 | D:1      | Reached XP level 3. HP: 30/33 MP: 2/2
   827 | D:2      | Identified the +3 leather armour of Makhleb's Reproof
                  | {Str+6}
   928 | D:2      | Reached skill level 1 in Axes
   928 | D:2      | Found Limuthagg's Book Shoppe.
   998 | D:2      | Noticed Jessica
  1004 | D:2      | Killed Jessica
  1005 | D:2      | Reached skill level 1 in Armour
  1005 | D:2      | Reached XP level 4. HP: 40/40 MP: 3/3
  1428 | D:3      | Noticed Ijyb
  1430 | D:3      | Noticed Natasha
  1432 | D:3      | Noticed Robin
  1435 | D:3      | Identified the +7 whip "Punotynyl" {vorpal, *Noise rN+++
                  | Dex+4 SInv}
  1437 | D:3      | Killed Natasha
  1438 | D:3      | Reached skill level 5 in Maces & Flails
  1836 | D:4      | Reached XP level 5. HP: 44/46 MP: 4/4
  1878 | D:4      | Noticed Sigmund
  1887 | D:4      | Killed Sigmund
  1888 | D:4      | Reached skill level 1 in Shields
  1888 | D:4      | Reached skill level 1 in Spellcasting
  1888 | D:4      | Reached XP level 6. HP: 38/53 MP: 4/6
  2065 | D:4      | HP: 1/53 [orc/+0 trident (3)]
  2066 | D:4      | Demolished by an ogre

Illustrated notes

Levels and vault maps discovered:
D:1:      dpeg_arrival_ternary, layout_loops_ring,
          hangedman_abyss_or_decor_lesser_grid
D:2:      layout_rooms, serial_shops, shop, amcnicky_mini_rare_corridor_liquid,
          uniq_jessica
D:3:      minmay_inner_zag, layout_rooms, uniq_natasha, uniq_ijyb, uniq_robin
D:4:      layout_loops_ring, serial_bayou_pond_c, minivault_26,
          grunt_decor_junction, hangedman_feature_mirror, uniq_sigmund

Skill      XL: |  1  2  3  4  5 |
---------------+----------------+-----
Fighting       | 4 |  4.5
Maces & Flails | 4 5 |  5.9
Axes           | 1 2 |  2.0
Armour         | 1 |  1.7
Dodging        | 4 |  4.1
Shields        | 1 |  1.3
Spellcasting   | 1 |  1.0
Stealth        | |  1.7

Action                   |  1- 3 |  4- 6 || total
-------------------------+-------+-------++-------
Melee: Mace              |    64 |    67 ||   131
       Headbutt          |    13 |    10 ||    23
Throw: Dart              |       |     2 ||     2
  Use: Potion            |       |     1 ||     1
 Stab: Sleeping          |     2 |       ||     2
Armor: Robe              |    16 |       ||    16
       Leather armour    |     6 |    21 ||    27
Dodge: Dodged            |    47 |    38 ||    85
Block: Buckler           |     4 |    10 ||    14

Table legend: (Time is in decaauts)
 A = Elapsed time spent in this place.
 B = Non-inter-level travel time spent in this place.
 C = Inter-level travel time spent in this place.
 D = Time resting spent in this place.
 E = Time spent auto-exploring this place.
 F = Levels seen in this place.
 G = Mean time per level.
                   A        B        C        D        E       F      G
               +--------+--------+--------+--------+--------+-----+--------+
         Total |   2090 |   1993 |     97 |    237 |   1307 |   4 |  522.5 |
       Dungeon |   2090 |   1993 |     97 |    237 |   1307 |   4 |  522.5 |
               +--------+--------+--------+--------+--------+-----+--------+

Top non-repeatable levels by time:
     D:1: 779 daAuts
     D:4: 620 daAuts
     D:2: 548 daAuts
     D:3: 143 daAuts
